 Dungeon Crawl Stone Soup version 0.31-a0-1005-gfbdfbacc72 (webtiles) character file.

Game seed: 1961409036568841717

23 Monkfish the Cutter (level 3, 0/23 HPs)
             Began as a Kobold Monk on Nov 11, 2023.
             Slain by a goblin
             ... wielding a +0 dagger
              (4 damage)
             ... on level 1 of the Dungeon.
             The game lasted 00:01:29 (375 turns).

Monkfish the Cutter (Kobold Monk)                    Turns: 375, Time: 00:01:29

Health: 0/23       AC:  2    Str: 10    XL:     3   Next: 10%
Magic:  3/3        EV: 16    Int: 11    God:
Gold:   68         SH:  0    Dex: 17    Spells: 2/2 levels left

rFire   . . .        a - +0 short sword
rCold   . . .        (no shield)
rNeg    . . .        b - +0 robe
rPois   .            (no helmet)
rElec   .            (no cloak)
rCorr   .            (no gloves)
SInv    .            (no boots)
Will    .....        (no amulet)
Stlth   +++          (no ring)
HPRegen 0.23/turn    (no ring)
MPRegen 0.08/turn

%: no passive effects
@: no status effects
A: small, no large weapons, nightstalker 3
a: no special abilities


You were on level 1 of the Dungeon.
You visited 1 branch of the dungeon, and saw 1 of its levels.

You collected 68 gold pieces.

Inventory:

Hand Weapons
 a - a +0 short sword (weapon)
Armour
 b - a +0 robe (worn)
 d - an orb of light
 h - a +0 leather armour
Talismans
 f - a blade talisman
Scrolls
 g - a scroll of noise {unknown}
Potions
 c - a potion of ambrosia
 e - a potion of mutation {unknown}


   Skills:
 + Level 3.5 Fighting
 * Level 4.7 Short Blades
 + Level 3.9 Dodging
 * Level 1.1 Stealth


You had 2 spell levels left.
You didn't know any spells.
Your spell library was empty.

Dungeon Overview and Level Annotations

Branches:
Dungeon (1/15)

Altars:


Innate Abilities, Weirdness & Mutations

You are small and have problems with some larger weapons.
You are completely attuned to the shadows.


Message History

Items here: ( ) ††.
You completely miss the kobold. The kobold hits you with a +0 dagger.
* * * LOW HITPOINT WARNING * * *
You hit the kobold but do no damage. The kobold closely misses you.
You closely miss the kobold. The kobold misses you.
You hit the kobold.
The kobold is severely wounded.
You completely miss the kobold.
The kobold is severely wounded.
The kobold hits you with a +0 dagger.
* * * LOW HITPOINT WARNING * * *
You hit the kobold.
You kill the kobold!
You barely miss the ball python. The ball python closely misses you.
The ball python grabs you. The ball python constricts you.
You hit the ball python.
The ball python is heavily wounded.
The ball python misses you. The ball python constricts you.
You hit the ball python.
You kill the ball python!
You hit the goblin.
The goblin is heavily wounded.
You closely miss the goblin.
The goblin is heavily wounded.
The goblin misses you.
You barely miss the goblin.
The goblin is heavily wounded.
The goblin hits you but does no damage.
You closely miss the goblin.
The goblin is heavily wounded.
The goblin closely misses you.
You closely miss the goblin.
The goblin is heavily wounded.
You hit the goblin.
The goblin is severely wounded.
The goblin barely misses you.
You hit the goblin but do no damage.
The goblin is severely wounded.
The goblin hits you with a +0 dagger.
You die...

#.#..#...#.##
#.#...###...# ..
#.#.....#...#
###+#...
...###...####
#........ #.#
..#.....# #.†......
#. ###...# #....)...
#..#..# #........
...#..######.......#
..........@g.......#
...###########.#...
### ♣.S...P ~~.g~.~~
.K~~.~~~~ ~~.~~≈≈P~


You could see a goblin.

Vanquished Creatures
  A dart slug (D:1)
  2 bats (D:1)
  A giant cockroach (D:1)
  2 goblins (D:1)
  2 hobgoblins (D:1)
  3 kobolds (D:1)
  A quokka (D:1)
  4 ball pythons (D:1)
  2 rats (D:1)
18 creatures vanquished.

Notes
Turn   | Place    | Note
-------+----------+-------------------------------------------
     0 | D:1      | Monkfish the Kobold Monk began the quest for the Orb.
     0 | D:1      | Reached XP level 1. HP: 14/14 MP: 1/1
   126 | D:1      | Reached XP level 2. HP: 17/19 MP: 2/2
   130 | D:1      | Found a faded altar of an unknown god.
   318 | D:1      | Reached skill level 1 in Stealth
   359 | D:1      | Reached XP level 3. HP: 6/23 MP: 3/3
   375 | D:1      | Slain by a goblin

Illustrated notes

Levels and vault maps discovered:
D:1:      nicolae_arrival_memento_mori, layout_basic,
          shapermc_ecumenical_altar_pompeii, serial_bayou,
          serial_bayou_crossing, serial_bayou_pond_a, serial_bayou_pond_b,
          serial_bayou_pond_b, grunt_decor_mini_mirrors,
          chequers_serial_rivers_micro_b, nicolae_titane

Skill      XL: |  1  2 |
---------------+-------+-----
Stealth        | 1 |  1.1
Fighting       | |  3.5
Short Blades   | |  4.7
Dodging        | |  3.9

Action                     || total
---------------------------++-------
  Melee: Short sword       ||    80
    Use: Scroll            ||     1
   Stab: Sleeping          ||     5
 Armour: Robe              ||    26
  Dodge: Dodged            ||    47

Table legend: (Time is in decaauts)
 A = Elapsed time spent in this place.
 B = Non-inter-level travel time spent in this place.
 C = Inter-level travel time spent in this place.
 D = Time resting spent in this place.
 E = Time spent auto-exploring this place.
 F = Levels seen in this place.
 G = Mean time per level.
                   A        B        C        D        E       F      G
               +--------+--------+--------+--------+--------+-----+--------+
         Total |    365 |    365 |      0 |      3 |    181 |   1 |  365.0 |
       Dungeon |    365 |    365 |      0 |      3 |    181 |   1 |  365.0 |
               +--------+--------+--------+--------+--------+-----+--------+

Top non-repeatable levels by time:
     D:1: 365 daAuts
